 Dungeon Crawl Stone Soup version 0.15.2 (webtiles) character file.

2286 Alarkh the Carver (level 9, 0/55 HPs)
             Began as a High Elf Skald on Feb 15, 2015.
             Was a Follower of Okawaru.
             Slain by a goliath beetle (28 damage)
             ... on Level 6 of the Dungeon.
             The game lasted 00:19:04 (6220 turns).

Alarkh the Carver (High Elf Skald)                  Turns: 6220, Time: 00:19:04

HP   0/55        AC  5     Str 11      XL: 9   Next: 17%
MP   1/23        EV 12     Int 20      God: Okawaru [*.....]
Gold 269         SH  0     Dex 15      Spells:  4 memorised,  8 levels left

rFire  . . .     SeeInvis .     a - +3 short sword (speed)
rCold  + . .     Clarity  .     r - +0 robe (curse)
rNeg   . . .     rCorr    .     (no shield)
rPois  .         rRot     .     s - +0 helmet
rElec  .         Spirit   .     R - +0 cloak
SustAb .         Warding  .     h - +0 pair of gloves
rMut   .         Stasis   .     (no boots)
Gourm  .                        (no amulet)
MR     .....                    G - ring of protection from cold
                                p - cursed ring of loudness

@: infused, regenerating, not resistant to hostile enchantments, extremely
unstealthy
A: no striking features
a: Heroism, Renounce Religion


You were on level 6 of the Dungeon.
You worshipped Okawaru.
Okawaru was aware of your devotion.
You were not hungry.

You visited 2 branches of the dungeon, and saw 8 of its levels.

You collected 414 gold pieces.
You spent 145 gold pieces at shops.

Inventory:

Hand weapons
 a - a +3 short sword of speed (weapon)
 i - a +0 falchion
 x - a +2 dagger of holy wrath
Missiles
 A - a tomahawk (quivered)
 B - a throwing net
Armour
 b - a +0 leather armour
 h - a +0 pair of gloves (worn)
 r - a cursed +0 robe (worn)
 s - a +0 helmet (worn)
 C - a cursed +0 ring mail
 R - a +0 cloak (worn)
Magical devices
 P - a wand of teleportation (4)
Comestibles
 d - 5 bread rations
 f - 6 meat rations
 g - 12 fruits
 n - a royal jelly
 v - a slice of pizza
 T - a chunk of orc flesh
Scrolls
 j - a scroll of amnesia {unknown}
 k - 2 scrolls of enchant weapon
 m - a scroll of blinking
 t - a scroll of noise {unknown}
 u - a scroll of remove curse {unknown}
 w - a scroll of fog {unknown}
 y - 3 scrolls of teleportation
 L - 3 scrolls of immolation {unknown}
 Q - a scroll of brand weapon {unknown}
Jewellery
 p - a cursed ring of loudness (left hand)
 G - a ring of protection from cold (right hand)
 K - an uncursed ring of ice
 O - an uncursed ring of flight
 U - an uncursed amulet of stasis
Potions
 e - 2 potions of cancellation
 l - 4 potions of curing
 q - a potion of restore abilities
 D - a potion of mutation
 E - 2 potions of brilliance
 F - a potion of resistance {unknown}
 J - 3 potions of agility {unknown}
 M - a potion of haste {unknown}
 N - a potion of might {unknown}
 S - a potion of heal wounds
Books
 c - a book of Battle

   Spells                             Type                      Level
   *Infusion                          Charms                       1
   *Shroud of Golubria                Charms/Translocation         2
   Song of Slaying                    Charms                       2
   *Spectral Weapon                   Hexes/Charms                 3
   *Regeneration                      Charms/Necromancy            3
 z - a book of Summonings

   Spells                             Type                      Level
   Abjuration                         Summoning                    3
   Recall                             Summoning/Translocation      3
   Shadow Creatures                   Summoning                    5
   Summon Demon                       Summoning                    5
   Summon Forest                      Summoning/Translocation      5
   Monstrous Menagerie                Summoning                    6
 H - a book of Frost

   Spells                             Type                      Level
   Freeze                             Ice                          1
   Throw Frost                        Conjuration/Ice              2
   Ozocubu's Armour                   Charms/Ice                   3
   Throw Icicle                       Conjuration/Ice              4
   Summon Ice Beast                   Ice/Summoning                4
   Condensation Shield                Ice                          4
Magical staves
 o - an uncursed staff of earth {unknown}
 I - an uncursed staff of power


   Skills:
 + Level 2.3 Fighting
 * Level 12.3 Long Blades
 * Level 2.5 Throwing
 - Level 0.8 Armour
 + Level 1.4 Dodging
 + Level 4.9 Spellcasting
 + Level 5.9 Charms


You had 8 spell levels left.
You knew the following spells:

 Your Spells              Type           Power        Failure   Level  Hunger
a - Shroud of Golubria    Chrm/Tloc      ###.......   6%          2    None
b - Regeneration          Chrm/Necr      ###.......   12%         3    ###....
c - Spectral Weapon       Hex/Chrm       ###.....     12%         3    ###....
e - Infusion              Chrm           ####..       1%          1    None


Dungeon Overview and Level Annotations

Branches:
Dungeon (7/15)             Temple (1/1) D:5

Altars:
Ashenzari
Cheibriados
Dithmenos
Elyvilon
Fedhas
Kikubaaqudgha
Makhleb
Nemelex Xobeh
Okawaru
Qazlal
Sif Muna
Trog
Vehumet
Xom
Yredelemnul
Zin
The Shining One

Shops:
D:7 *


Message History

Your spectral weapon hits the goliath beetle.
The goliath beetle bites you!
You hit the goliath beetle but do no damage.
The goliath beetle is heavily wounded.
Your spectral weapon hits the goliath beetle.
You hit the goliath beetle but do no damage.
The goliath beetle is heavily wounded.
Your spectral weapon hits the goliath beetle but does no damage.
You hit the goliath beetle but do no damage.
The goliath beetle is heavily wounded.
Your spectral weapon hits the goliath beetle.
You hit the goliath beetle but do no damage.
The goliath beetle is severely wounded.
Your spectral weapon hits the goliath beetle but does no damage.
You hit the goliath beetle but do no damage.
The goliath beetle is severely wounded.
Your spectral weapon hits the goliath beetle.
The goliath beetle bites you!!
Ouch! That really hurt!
You die...

+.....#........................+.
#.....'........................##
#.....#.......#'####......###+###
####'##.......#((..'......'.....#
#.....#.......#.(..#......#.....#
#.....+.......#.(..#......#.....'
'.....#.......'.(..#......#.....#
####+##.......##B###......#.....#
...............(@.........#.....#
..........................'.....#
....................[.....#....##
..........................##+####
..........................#......
....................##+####......
....................+......(.....
.....[[.............#.......()...
.....[########......#....#####(##


You could see a goliath beetle and a friendly spectral short sword of speed.

Vanquished Creatures
  Pikel (D:5)
  Grinder (D:5)
  A deep elf mage (D:4)
  A sky beast (D:6)
  A slave (D:3)
  3 phantoms
  3 ogres
  A centaur (D:6)
  3 scorpions
  2 crimson imps
  An orc priest (D:6)
  4 hounds
  2 iguanas
  3 worker ants
  Natasha (thrice) (D:5)
  An orc wizard (D:3)
  8 adders
  2 giant mites
  4 worms (D:3)
  12 orcs
  A ball python (D:6)
  2 giant cockroaches (D:3)
  8 hobgoblins
  4 jackals (D:2)
  10 kobolds
  2 quokkas
  10 bats
  8 giant geckos
  5 giant newts
  A gnoll skeleton (D:3)
  11 goblins
  2 goblin skeletons
  A hobgoblin skeleton (D:4)
  A jackal skeleton (D:4)
  13 rats
136 creatures vanquished.

Vanquished Creatures (others)
  A giant newt (D:4)
1 creature vanquished.

Grand Total: 137 creatures vanquished

Notes
Turn   | Place    | Note
--------------------------------------------------------------
     0 | D:1      | Alarkh, the High Elf Skald, began the quest for the Orb.
     0 | D:1      | Reached XP level 1. HP: 14/14 MP: 4/4
   325 | D:1      | Reached XP level 2. HP: 14/19 MP: 3/6
   477 | D:1      | Reached skill level 4 in Long Blades
   863 | D:2      | Reached XP level 3. HP: 21/24 MP: 1/8
   873 | D:2      | Learned a level 2 spell: Shroud of Golubria
   877 | D:2      | Learned a level 3 spell: Regeneration
  1125 | D:2      | Reached skill level 5 in Long Blades
  1166 | D:2      | Found a burning altar of Makhleb.
  1193 | D:2      | Found a bloodstained altar of Trog.
  1604 | D:3      | Reached XP level 4. HP: 29/29 MP: 8/11
  1797 | D:3      | Reached skill level 6 in Long Blades
  1873 | D:3      | Reached XP level 5. HP: 18/34 MP: 1/12
  2903 | D:4      | Reached skill level 7 in Long Blades
  2984 | D:4      | Noticed an ogre
  3007 | D:4      | Reached XP level 6. HP: 20/39 MP: 0/15
  3162 | D:4      | Killed an ogre
  3162 | D:4      | Reached skill level 8 in Long Blades
  3194 | D:4      | Noticed a phantom
  3244 | D:4      | Killed a phantom
  3258 | D:4      | Reached skill level 9 in Long Blades
  3295 | D:4      | Noticed an ogre
  3330 | D:4      | Killed an ogre
  3330 | D:4      | Reached XP level 7. HP: 35/45 MP: 0/17
  3587 | D:4      | Learned a level 3 spell: Spectral Weapon
  3676 | D:4      | Noticed a deep elf mage
  3713 | D:4      | Killed a deep elf mage
  3713 | D:4      | Reached skill level 10 in Long Blades
  3962 | D:5      | Entered Level 5 of the Dungeon
  3989 | D:5      | Noticed Grinder
  4014 | D:5      | Paralysed by Grinder for 6 turns
  4019 | D:5      | HP: 1/45 [Grinder (6)]
  4026 | D:5      | Killed Grinder
  4026 | D:5      | Reached skill level 11 in Long Blades
  4026 | D:5      | Reached XP level 8. HP: 25/50 MP: 4/18
  4065 | D:5      | Noticed Pikel
  4350 | D:5      | Found a stormy altar of Qazlal.
  4350 | D:5      | Found a glowing golden altar of the Shining One.
  4384 | D:5      | Found an iron altar of Okawaru.
  4413 | D:5      | Became a worshipper of Warmaster Okawaru
  4513 | D:5      | Noticed Natasha
  4523 | D:5      | Killed Natasha
  4580 | D:5      | Found a staircase to the Ecumenical Temple.
  4594 | Temple   | Entered the Ecumenical Temple
  4788 | D:5      | Found a white marble altar of Elyvilon.
  4862 | D:5      | Noticed Natasha
  4870 | D:5      | Killed Natasha
  4925 | D:5      | Killed Pikel
  4925 | D:5      | Acquired Okawaru's first power
  4925 | D:5      | Reached skill level 12 in Long Blades
  4925 | D:5      | Reached skill level 5 in Charms
  5223 | D:6      | Reached skill level 1 in Throwing
  5343 | D:5      | Reached XP level 9. HP: 22/54 MP: 13/23
  5359 | D:5      | Noticed Natasha
  5363 | D:5      | Killed Natasha
  6136 | D:7      | Found Pnesul's Assorted Antiques.
  6141 | D:7      | Bought a dented platinum amulet for 145 gold pieces
  6220 | D:6      | Slain by a goliath beetle

Action                   |  1- 3 |  4- 6 |  7- 9 || total
-------------------------+-------+-------+-------++-------
Melee: Falchion          |    42 |       |       ||    42
       Short sword       |    64 |   238 |   260 ||   562
Throw: Throwing net      |       |       |     4 ||     4
       Tomahawk          |       |       |    12 ||    12
 Cast: Infusion          |     9 |     8 |    16 ||    33
       Shroud of Golubri |     6 |    17 |    16 ||    39
       Regeneration      |       |     6 |    13 ||    19
       Spectral Weapon   |       |       |    22 ||    22
  Use: Scroll            |     3 |     5 |     2 ||    10
       Potion            |       |     2 |     2 ||     4
 Stab: Held in net/web   |       |       |     2 ||     2
       Distracted        |       |       |     3 ||     3
  Eat: Chunk             |     1 |    10 |    13 ||    24
